cohdb
Replays
Latest Replays
All Replays
Popular Replays
Top Player Replays
Match Explorer
How It Works
Community
CoH3 Stats
Reddit
Sign in to upload your games and track your stats! →
Sign in with Steam
Match 43284485
Unlisted
Match 43284485
Overview
Messages
Build Orders
End
Construct Barracks
Engineer Squad
Selects Heavy Weapons
1⁄4-ton 4x4 Truck
Riflemen Squad
Infantry Support Center
Riflemen Squad
1⁄4-ton 4x4 Truck
Construct Medical Station
M1918 Browning Automatic Rifles
Riflemen Squad
Construct Motor Pool
Riflemen Squad
M24 Chaffee Light Tank
Grenade Package
Riflemen Squad
Riflemen Squad
Advanced Logistics
Riflemen Squad
Survival Training
Riflemen Squad
Engineer Squad
Selects Assault Carriers
Selects Exchangeable Parts
Selects M26 Pershing Heavy Tank
Riflemen Squad
Selects M2HB .50cal Heavy Machine Gun
Selects Gallant Stand
M26 Pershing Heavy Tank
Selects Black Dragon Artillery Barrage
M1 Anti-tank Gun Team
M24 Chaffee Light Tank
Shinshigumi
추축은죽었다
0
0
Comments
sign in to comment!
No comments posted yet!